 Dungeon Crawl Stone Soup version 0.28-a0-1510-gd0f6b136d3 (webtiles) character file.

Game seed: 1860424256465426774

45 shadowrider38 the Sneak (level 3, 0/26 HPs)
             Began as an Octopode Monk on Jan 14, 2022.
             Was a Plaything of Xom.
             Frozen to death by an endoplasm (2 damage)
             ... on level 3 of the Dungeon.
             The game lasted 00:04:33 (1845 turns).

shadowrider38 the Sneak (Octopode Monk)             Turns: 1845, Time: 00:04:33

Health: 0/26       AC:  1    Str: 10    XL:     3   Next: 64%
Magic:  3/3        EV: 14    Int: 12    God:    Xom [..*...]
Gold:   96         SH:  0    Dex: 16    Spells: 2/2 levels left

rFire   . . .      SeeInvis .     - Unarmed
rCold   . . .      Faith    .   (no shield)
rNeg    . . .      Spirit   .   (helmet restricted)
rPois   .          Reflect  .   (no amulet)
rElec   .          Harm     .   (no ring)
rCorr   .          Rampage  .   (no ring)
Will    .....                   (no ring)
Stlth   ++........              (no ring)
HPRegen 0.08/turn               (no ring)
MPRegen 0.08/turn               (no ring)
                                (no ring)
                                (no ring)

@: confused
A: almost no armour, amphibious, 8 rings, camouflage 1, gelatinous body 1,
(nimble swimmer 1), tentacles
a: Renounce Religion


You were on level 3 of the Dungeon.
You worshipped Xom.
You were a toy of Xom.
You visited 1 branch of the dungeon, and saw 3 of its levels.

You collected 96 gold pieces.

Inventory:

Missiles
 f - 3 poisoned darts (quivered)
 g - 45 stones
Jewellery
 i - the ring "Pust" {*Slow rN+ MP+9 Dex+4}
   (You found it on level 2 of the Dungeon)

   [ring of magical power]

   Dex:       It affects your dexterity (+4).
   rN:        It protects you from negative energy.
   MP:        It affects your magic capacity (+9).
   *Slow:     It may slow you when you take damage.
Scrolls
 c - a scroll of blinking {unknown}
 d - 2 scrolls of fog {unknown}
 e - a scroll of teleportation {unknown}
Potions
 a - a potion of haste {unknown}
 b - a potion of curing {unknown}
 h - a potion of flight {unknown}


   Skills:
 - Level 3.0 Fighting
 + Level 4.0 Dodging
 - Level 4.0 Stealth
 - Level 3.0 Unarmed Combat


You had 2 spell levels left.
You didn't know any spells.
Your spell library was empty.

Dungeon Overview and Level Annotations

Branches:
Dungeon (3/15)

Altars:
Xom

Annotations:
D:1 exclusion: quokka


Innate Abilities, Weirdness & Mutations

You cannot wear most types of armour.
You are amphibious.
You can wear up to eight rings at the same time.
Your skin changes colour to match your surroundings (Stealth+).
Your rubbery body absorbs attacks. (AC +1, EV +1)
((You are camouflaged when in or above water. (Stealth+)))
You have tentacles for arms and can constrict up to eight enemies at once.


Message History

Found 11 gold pieces.
Found a helmet, a scroll labelled CISTRI FOAJU and 23 stones.
Found an escape hatch in the ceiling.
Found a stone staircase leading down.
The orc shouts!
The orc wizard shouts!
The adder hisses angrily.
The orc wizard shouts!
The endoplasm quivers.
Found a sedimented white potion.
The orc closely misses you.
The orc wizard points at you and mumbles some strange words.
You are confused.
The orc wizard shouts!
You tentacle-slap the orc but do no damage.
The orc closely misses you. The adder bites you but does no damage.
You barely miss the orc wizard. The adder misses you. The endoplasm misses you.
The orc wizard hits you with a +0 dagger.
The orc wizard misses you. The adder closely misses you.
You are too confused!
You completely miss the orc wizard. The endoplasm closely misses you.
The orc wizard closely misses you.
The orc wizard hits you with a +0 dagger.
The adder barely misses you.
You tentacle-slap the orc wizard.
The orc wizard is heavily wounded.
The endoplasm freezes you.
You are frozen.
The orc wizard hits you with a +0 dagger.
The orc wizard barely misses you. The adder bites you.
The orc hits you with a +0 flail.
Unknown command.
You bump into the rock wall.
The adder barely misses you. The endoplasm closely misses you.
The orc wizard hits you with a +0 dagger.
* * * LOW HITPOINT WARNING * * *
The orc hits you with a +0 flail.
* * * LOW HITPOINT WARNING * * *
The orc wizard hits you but does no damage.
You closely miss the endoplasm. The adder completely misses you.
The endoplasm freezes you.
You are frozen.
You die...
Xom snickers!

#.#.........!.
#..(..........
##.............
#..............
#.............
#..........$..
#.#..o........
#.##ooSo......
######.###@J.......
#######.........#o.......
^.##........(...##.......
............#...# #>.....
............+...# ..?...
............#...# ......
.....##..........# ##<...
#'#########......# .#.
#.# #......#


You could see 3 orc wizards, an adder, 2 orcs and an endoplasm.

Vanquished Creatures
  An adder (D:2)
  4 ball pythons (D:1)
  5 endoplasms
  3 giant cockroaches
  3 goblins (D:1)
  2 hobgoblins
  A quokka (D:2)
  3 bats
  2 frilled lizards (D:1)
  4 kobolds
  6 rats
34 creatures vanquished.

Notes
Turn   | Place    | Note
-------+----------+-------------------------------------------
     0 | D:1      | shadowrider38 the Octopode Monk began the quest for the
                  | Orb.
     0 | D:1      | Reached XP level 1. HP: 16/16 MP: 1/1
   368 | D:1      | Reached XP level 2. HP: 20/21 MP: 2/2
   704 | D:1      | Found a faded altar of an unknown god.
   981 | D:1      | Prayed at the altar of an unknown god.
   981 | D:1      | Became a worshipper of Xom of Chaos
  1045 | D:2      | Reached XP level 3. HP: 25/26 MP: 3/3
  1294 | D:2      | XOM: divination: magic mapping
  1306 | D:2      | XOM: god gift: 13 arrows
  1372 | D:2      | Identified the ring "Pust" {*Slow rN+ MP+9 Dex+4}
  1845 | D:3      | Frozen to death by an endoplasm

Illustrated notes

Levels and vault maps discovered:
D:1:      shiori_shiawase, layout_basic,
          hellmonk_ecumenical_altar_inner_sanctum,
          chequers_serial_rivers_micro_e, fountainhead
D:2:      layout_rooms, minmay_misc_feat_encased, minmay_misc_feat_square
D:3:      layout_basic, uniq_jessica

Skill      XL: |  1  2  3 |
---------------+----------+-----
Stealth        | 3 4 |  4.0
Dodging        | 4 |  4.0
Fighting       | |  3.0
Unarmed Combat | |  3.0

Action                   || total
-------------------------++-------
Melee: Unarmed           ||    80
       Constrict         ||    16
       Tentacles         ||    13
 Stab: Sleeping          ||     9
Armor: Skin              ||     7
Dodge: Dodged            ||    55

Table legend: (Time is in decaauts)
 A = Elapsed time spent in this place.
 B = Non-inter-level travel time spent in this place.
 C = Inter-level travel time spent in this place.
 D = Time resting spent in this place.
 E = Time spent auto-exploring this place.
 F = Levels seen in this place.
 G = Mean time per level.
                   A        B        C        D        E       F      G
               +--------+--------+--------+--------+--------+-----+--------+
         Total |   1839 |   1778 |     61 |    404 |    976 |   3 |  613.0 |
       Dungeon |   1839 |   1778 |     61 |    404 |    976 |   3 |  613.0 |
               +--------+--------+--------+--------+--------+-----+--------+

Top non-repeatable levels by time:
     D:1: 1011 daAuts
     D:2: 628 daAuts
     D:3: 200 daAuts
